 Dungeon Sprint DCSS version 0.13-a0-2776-g5b28ffd (webtiles) character file.

46 JacquesDerrida the Gusty (level 3, -2/19 HPs)
             Began as a Tengu Air Elementalist on Aug 25, 2013.
             Was a Believer of Kikubaaqudgha.
             Slain by an ufetubus (5 damage)
             ... in the Dungeon (Sprint VII: "The Pits").
             The game lasted 00:02:04 (297 turns).

JacquesDerrida the Gusty (Tengu Air Elementalist)    Turns: 297, Time: 00:02:04

HP  -2/19        AC  2     Str  9      XL: 3   Next:  8%
MP   0/6         EV 12     Int 15      God: Kikubaaqudgha [**....]
Gold 20          SH  0     Dex 14      Spells:  2 memorised,  1 level left

Res.Fire  : . . .   See Invis. : .   r - staff of energy
Res.Cold  : . . .   Warding    : .   a - +0 robe
Life Prot.: . . .   Conserve   : .   (no shield)
Res.Poison: .       Res.Corr.  : .   (helmet restricted)
Res.Elec. : .       Clarity    : .   (no cloak)
Sust.Abil.: . .     Spirit.Shd : .   (no gloves)
Res.Mut.  : .       Prev.Telep.: +   (boots unavailable)
Res.Rott. : .       Flight     : .   (no amulet)
Saprovore : . . .                    (no ring)
                                     (no ring)

@: not resistant to hostile enchantments, fairly stealthy
A: beak, talons 3
a: Receive Corpses, Renounce Religion


You were in the Dungeon.
You worshipped Kikubaaqudgha.
Kikubaaqudgha was most pleased with you.
You were not hungry.

You visited 1 branch

Inventory:

Hand weapons
 j - a +2,+2 orcish dagger (quivered)
Armour
 a - a +0 robe (worn)
Comestibles
 c - 8 bread rations
 k - 40 strawberries
 l - 7 meat rations
Scrolls
 i - a scroll of blinking
 n - 2 scrolls of vulnerability
 o - 3 scrolls of remove curse
 p - 5 scrolls of amnesia
 q - a scroll of summoning
Potions
 d - a potion of curing
 e - a potion of heal wounds
 f - a potion of speed
 g - 4 potions of magic
 h - 3 potions of berserk rage
 m - 2 potions of invisibility
Books
 b - a book of Air

   Spells                             Type                      Level
   *Shock                             Conjuration/Air              1
   *Swiftness                         Charms/Air                   2
   Repel Missiles                     Charms/Air                   2
   Flight                             Charms/Air                   3
   Static Discharge                   Conjuration/Air              3
   Lightning Bolt                     Conjuration/Air              5
 s - Kikubaaqudgha's Compendium of Dark Arts
   (Kikubaaqudgha gifted it to you in the Dungeon)

   Spells                             Type                      Level
   Animate Skeleton                   Necromancy                   1
   Corpse Rot                         Necromancy                   2
   Sublimation of Blood               Necromancy                   2
   Vampiric Draining                  Necromancy                   3
   Control Undead                     Necromancy                   4
Magical staves
 r - an uncursed staff of energy (weapon)


   Skills:
 - Level 2.1 Dodging
 - Level 2.0 Stealth
 - Level 1.0 Spellcasting
 + Level 5.4 Conjurations
 + Level 6.8 Air Magic


You had one spell level left.
You knew the following spells:

 Your Spells              Type           Power        Failure   Level  Hunger
a - Shock                 Conj/Air       ###.         1%          1    None
b - Swiftness             Chrm/Air       ##........   12%         2    None


Dungeon Overview and Level Annotations

Branches:
Dungeon (1/1)

Altars:
Ashenzari
Cheibriados
Elyvilon
Fedhas
Kikubaaqudgha
Makhleb
Nemelex Xobeh
Okawaru
Sif Muna
Trog
Vehumet
Xom
Yredelemnul
Zin
the Shining One
Beogh
Jiyva
Lugonu


Innate Abilities, Weirdness & Mutations

You have a beak for a mouth.
You have claws for feet.


Message History

The ufetubus is moderately wounded.
The ufetubus closely misses you.
The ufetubus hits you but does no damage.
The ufetubus completely misses you. The ufetubus hits you.
Casting: Shock
Confirm with . or Enter, or press ? or * to list all spells.
You don't have enough magic to cast that spell.
A giant newt and an ooze come into view.
The ufetubus hits you. The ufetubus closely misses you.
Unknown command.
The ufetubus hits you.
* * * LOW HITPOINT WARNING * * *
The ufetubus misses you. The ufetubus hits you.
* * * LOW HITPOINT WARNING * * *
The ufetubus hits you but does no damage.
There is an open door here.
You see here a jackal corpse.
The ufetubus hits you.
You die...
Kikubaaqudgha rasps: "You have failed me!
Welcome... death!"

#_____..___#
#######'##############++
#.).).'.'..##...........
#.))).#.#.(##......#..#.
#######%#####...........
#...........%...........
#+#####%#####......#..#.
#...#.# #...........
#...#@# ####'#####++
#...5.# #.......#
##l#### #.......# #...
#.......# #....
#...<...# #...J.
#.......# #......
#.......# ########
#.......# #########


You could see an ufetubus and a giant newt.

Vanquished Creatures
  A lemure (D)
  A giant mite (D)
  An ufetubus (D)
  4 jackals (D)
  2 rats (D)
9 creatures vanquished.

Notes
Turn   | Place    | Note
--------------------------------------------------------------
     0 | D        | JacquesDerrida, the Tengu Air Elementalist, began the quest for the Orb.
     0 | D        | Reached XP level 1. HP: 10/10 MP: 3/3
    16 | D        | Reached skill level 5 in Air Magic
    16 | D        | Reached XP level 2. HP: 15/15 MP: 1/5
   103 | D        | JacquesDerrida: нефигово
   104 | D        | JacquesDerrida: Тактика
   108 | D        | Learned a level 2 spell: Swiftness
   108 | D        | Found a sparkling altar of Nemelex Xobeh.
   108 | D        | Found a shimmering altar of Xom.
   108 | D        | Found a deep blue altar of Sif Muna.
   108 | D        | Found a burning altar of Makhleb.
   108 | D        | Found an ancient bone altar of Kikubaaqudgha.
   108 | D        | Found a basalt altar of Yredelemnul.
   109 | D        | Found an iron altar of Okawaru.
   109 | D        | Found a roughly hewn altar of Beogh.
   109 | D        | Found a viscous altar of Jiyva.
   109 | D        | Found a corrupted altar of Lugonu.
   109 | D        | Found a glowing silver altar of Zin.
   109 | D        | Found a radiant altar of Vehumet.
   109 | D        | Found a blossoming altar of Fedhas.
   109 | D        | Found a snail-covered altar of Cheibriados.
   109 | D        | Found a white marble altar of Elyvilon.
   109 | D        | Found a bloodstained altar of Trog.
   109 | D        | Found a glowing golden altar of the Shining One.
   109 | D        | Found a shattered altar of Ashenzari.
   151 | D        | Became a worshipper of Kikubaaqudgha
   175 | D        | Acquired Kikubaaqudgha's first power
   175 | D        | Received a gift from Kikubaaqudgha
   175 | D        | Reached skill level 6 in Air Magic
   176 | D        | Acquired Kikubaaqudgha's second power
   177 | D        | Identified Kikubaaqudgha's Compendium of Dark Arts (Kikubaaqudgha gifted it to you in the Dungeon)
   292 | D        | Reached skill level 5 in Conjurations
   292 | D        | Reached XP level 3. HP: 10/19 MP: 2/6
   297 | D        | Slain by an ufetubus

Action                   || total
-------------------------++-------
Melee: Staff             ||     4
 Cast: Shock             ||    14
